 Dungeon Crawl Stone Soup version 0.18.1-50-g88ac8fd (webtiles) character file.

58 Amnesiac the Cutter (level 4, -1/35 HPs)
             Began as a Merfolk Fighter on Mar 5, 2018.
             Slain by a centaur (5 damage)
             ... on level 4 of the Dungeon.
             The game lasted 00:02:33 (1355 turns).

Amnesiac the Cutter (Merfolk Fighter)               Turns: 1355, Time: 00:02:34

Health: -1/35      AC:  6    Str: 22    XL:     4   Next: 2%
Magic:  4/4        EV:  7    Int:  7    God:
Gold:   43         SH:  9    Dex: 13    Spells: 0 memorised, 3 levels left

rFire  . . .     SeeInvis .     a - +0 rapier
rCold  . . .     Gourm    .     b - +0 scale mail
rNeg   . . .     Faith    .     c - +0 shield
rPois  .         Spirit   .     (no helmet)
rElec  .         Dismiss  .     (no cloak)
rCorr  .         Reflect  .     (no gloves)
SustAt .         Harm     .     (no boots)
MR     .....                    (no amulet)
Stlth  ..........               (no ring)
                                (no ring)

@: mighty, about to teleport, very slightly contaminated, hasted, very quick,
not resistant to hostile enchantments, extremely unstealthy
A: change form in water, swift swim
a: no special abilities


You were on level 4 of the Dungeon.
You were hungry.

You visited 1 branch of the dungeon, and saw 4 of its levels.

You collected 43 gold pieces.

Inventory:

Hand Weapons
 a - a +0 rapier (weapon)
Missiles
 e - 30 stones (quivered)
Armour
 b - a +0 scale mail (worn)
 c - a +0 shield (worn)
Jewellery
 n - an uncursed ring of fire {unknown}
 o - an uncursed ring of fire {unknown}
Scrolls
 j - a scroll of recharging {!r, unknown}
 k - a scroll of fog {!r}
 m - a scroll of fear {!r, unknown}
 r - a scroll of random uselessness {!r, unknown}
Comestibles
 f - a bread ration
 h - a slice of pizza


   Skills:
 - Level 3.2 Fighting
 + Level 5.0 Short Blades
 - Level 2.1 Armour
 - Level 3.0 Shields


You had 3 spell levels left.
You didn't know any spells.

Dungeon Overview and Level Annotations

Branches:
Dungeon (4/15)
 Temple: D:4-7

Altars:


Message History

* * * LOW HITPOINT WARNING * * *
Drink which item? (? for menu, Esc to quit)
Really quaff
l - 2 potions of curing {!q}?
You feel better. You block the hound's attack. x2
You hit the hound.
The hound is almost dead.
The hound bites you.
* * * LOW HITPOINT WARNING * * *
You hit the hound.
The hound is almost dead.
The hound bites you.
* * * LOW HITPOINT WARNING * * *
The hound bites you but does no damage.
Drink which item? (? for menu, Esc to quit)
Really quaff
l - a potion of curing {!q}?
You feel better. The hound bites you.
* * * LOW HITPOINT WARNING * * *
You block the hound's attack.
You hit the hound.
You kill the hound!
Your Short Blades skill increases to level 5!
You have reached level 4!
Found 2 stones.
Found a stone staircase leading up.
Found a dagger.
A centaur comes into view.
The centaur shouts!
The centaur wields a shortbow.
The centaur shoots an arrow.
You block the arrow.
You see here an arrow.
The centaur shoots an arrow.
The arrow hits you.
* * * LOW HITPOINT WARNING * * *
You see here 18 stones.
The centaur shoots an arrow.
The arrow hits you.
* * * LOW HITPOINT WARNING * * *
You see here an arrow.
All of the chunks of flesh in your inventory have rotted away.
Read which item? (? for menu, Esc to quit)
Really read
k - 2 scrolls labeled DOOCSU FOTAPE {!r}?
As you read the scroll labeled DOOCSU FOTAPE {!r}, it crumbles to dust.
The scroll dissolves into smoke.
It was a scroll of fog {!r}.
Read which item? (? for menu, Esc to quit)
Really read
g - a scroll labeled ARGHIAXT FOCRA {!r}?
As you read the scroll labeled ARGHIAXT FOCRA {!r}, it crumbles to dust.
You hear a loud clanging noise!
It was a scroll of noise {!r}.
You hear a shout!
Read which item? (? for menu, Esc to quit)
Really read
i - a scroll labeled LESITESEAV {!r}?
As you read the scroll labeled LESITESEAV {!r}, it crumbles to dust.
You feel strangely unstable.
It was a scroll of teleportation {!r}.
Drink which item? (? for menu, Esc to quit)
Really quaff
p - a puce potion {!q}?
It was a potion of haste {!q}.
You feel yourself speed up.
The centaur unwields an uncursed shortbow.
The centaur barely misses you.
You are very lightly contaminated with residual magic.
Drink which item? (? for menu, Esc to quit)
Okay, then.
Drink which item? (? for menu, Esc to quit)
Really quaff
d - a potion of might {!q}?
You feel very mighty all of a sudden. The centaur hits you.
You die...

..##).....##..
..............#
.............
.................
#...§§§.........
###########...§§§§.(..c..
..............§§§§..<...
.........##..§§§§##...#
.........##..§§§@##§..#
#######'###..§§§§c§...#
##.......##..§§§§§§...#
#.........<....§§§§...#
#........##....§§##§.)#
#........######### ...#
##.......# ...# #########
...# ...#


You could see a centaur.

Vanquished Creatures
  A hound (D:4)
  A worm (D:2)
  A dart slug (D:2)
  8 bats
  A giant cockroach (D:2)
  A goblin (D:1)
  A hobgoblin (D:2)
  2 kobolds (D:1)
  3 giant newts
  7 rats
26 creatures vanquished.

Notes
Turn   | Place    | Note
--------------------------------------------------------------
     0 | D:1      | Amnesiac the Merfolk Fighter began the quest for the Orb.
     0 | D:1      | Reached XP level 1. HP: 18/18 MP: 1/1
   133 | D:1      | Reached skill level 3 in Short Blades
   251 | D:1      | Reached XP level 2. HP: 17/24 MP: 2/2
  1085 | D:2      | Reached skill level 4 in Short Blades
  1101 | D:2      | Reached XP level 3. HP: 25/29 MP: 3/3
  1341 | D:4      | Reached skill level 5 in Short Blades
  1341 | D:4      | Reached XP level 4. HP: 15/35 MP: 4/4
  1347 | D:4      | Noticed a centaur
  1355 | D:4      | Slain by a centaur

Skill      XL: |  1  2  3 |
---------------+----------+-----
Short Blades   | 3 4 5 |  5.0
Fighting       | |  3.2
Armour         | |  2.1
Shields        | |  3.0

Action                   |  1- 3 |  4- 6 || total
-------------------------+-------+-------++-------
Melee: Rapier            |   124 |       ||   124
  Use: Potion            |     3 |     2 ||     5
       Scroll            |       |     3 ||     3
  Eat: Chunk             |     1 |       ||     1
Armor: Scale mail        |    68 |       ||    68
Dodge: Dodged            |    33 |     1 ||    34
Block: Shield            |    75 |     1 ||    76
